 Dungeon Crawl Stone Soup version 0.25-a0-339-gb37b713 (webtiles) character file.

Game seed: 2025219250977308686, levelgen mode: deterministic

144 Birdy the Slasher (level 5, 0/31 HPs)
             Began as a Tengu Gladiator on Dec 28, 2019.
             Succumbed to an orc wizard's poison
             ... on level 2 of the Dungeon.
             The game lasted 00:03:28 (2027 turns).

Birdy the Slasher (Tengu Gladiator)                 Turns: 2027, Time: 00:03:29

Health: 0/31       AC:  4    Str: 14    XL:     5   Next: 27%
Magic:  6/6        EV: 14    Int:  9    God:
Gold:   71         SH:  0    Dex: 16    Spells: 4/4 levels left

rFire    . . .     SeeInvis .   a - +0 long sword
rCold    . . .     Gourm    .   (no shield)
rNeg     . . .     Faith    .   b - +0 leather armour
rPois    .         Spirit   .   c - +0 hat
rElec    .         Reflect  .   (no cloak)
rCorr    .         Harm     .   h - +0 pair of gloves
MR       .....                  (boots unavailable)
Stlth    +.........             (no amulet)
HPRegen  0.10/turn              (no ring)
MPRegen  0.10/turn              (no ring)

@: confused, lethally poisoned (0 -> -31)
A: beak, talons 3, able to fly
a: Fly


You were on level 2 of the Dungeon.
You were hungry.

You visited 1 branch of the dungeon, and saw 3 of its levels.

You collected 71 gold pieces.

Inventory:

Hand Weapons
 a - a +0 long sword (weapon)
Armour
 b - a +0 leather armour (worn)
 c - a +0 hat (worn)
 h - a +0 pair of gloves (worn)
Scrolls
 i - a scroll of remove curse
 k - a scroll of blinking {unknown}
 m - a scroll of fear {unknown}
Potions
 j - 2 potions of brilliance
Comestibles
 f - 4 rations


   Skills:
 + Level 2.7 Fighting
 * Level 4.8 Long Blades
 - Level 2.0 Throwing
 * Level 4.8 Dodging


You had 4 spell levels left.
You didn't know any spells.
Your spell library was empty.

Dungeon Overview and Level Annotations

Branches:
Dungeon (3/15)

Altars:
Sif Muna


Innate Abilities, Weirdness & Mutations

You have a beak for a mouth.
You have claws for feet.
You can fly continuously.


Message History

Something hits you but does no damage.
You're too confused to move!
You feel sick. Something hits you but does no damage.
You are more poisoned.
You hit something.
Reactivating autopickup.
You feel a bit more experienced.
You feel very sick.
You bump into the rock wall.
* * * LOW HITPOINT WARNING * * *
You feel very sick.
You bump into the rock wall.
* * * LOW HITPOINT WARNING * * *
You feel very sick.
* * * LOW HITPOINT WARNING * * *
You feel sick.
There is a stone staircase leading down, spattered with blood here.
Things that are here:
a +1 dagger of venom; a +0 robe; an orc corpse You die...

#.#.....#........................
#.#....#####..##.########........
........####...#.# #........
.......#..##.#.#.# #........
....#.#.#.(..#<).# #........
.....#.#.....##..# #........
....#...#...###..# ####.....
..#..#.#....# #.[# #.....
..#.#.#.#...# ##@# #.....
..#.........# #.# ##....
..#.#.(...(.# #.# #....
....##......# #.# #....
######......# #.####### ##### #
#.<....# #.......# #.. # #....(.#
#.......# #.. # #......#
#.......# #.. # #......#
##.......# #..


There were no monsters in sight!

Vanquished Creatures
  2 orc wizards
  3 gnolls (D:2)
  An adder (D:2)
  An ooze (D:2)
  A worm (D:2)
  A dart slug (D:3)
  2 leopard geckos
  3 orcs
  3 giant cockroaches
  2 goblins (D:1)
  2 hobgoblins
  4 jackals (D:1)
  A quokka (D:2)
  2 ball pythons (D:1)
  4 bats
  A frilled lizard (D:1)
  4 kobolds
  3 rats
40 creatures vanquished.

Notes
Turn   | Place    | Note
-------+----------+-------------------------------------------
     0 | D:1      | Birdy the Tengu Gladiator began the quest for the Orb.
     0 | D:1      | Reached XP level 1. HP: 12/12 MP: 2/2
   196 | D:1      | Reached XP level 2. HP: 12/17 MP: 3/3
   691 | D:2      | Reached XP level 3. HP: 21/21 MP: 4/4
   932 | D:2      | Reached XP level 4. HP: 25/27 MP: 5/5
  1448 | D:2      | Found a shimmering blue altar of Sif Muna.
  2001 | D:3      | Gained mutation: You can fly continuously. [Tengu growth]
  2001 | D:3      | Reached XP level 5. HP: 31/31 MP: 6/6
  2027 | D:2      | Succumbed to an orc wizard's poison

Levels and vault maps discovered:
D:1:      dpeg_arrival_water_altar, layout_basic
D:2:      layout_basic, led_sif_pool, minmay_tiny_reverse_x
D:3:      layout_loops_ring, eat_drink_and_be_merry_uskayaw, marbit_many_paths,
          chequers_ecumenical_altar_grove

Skill      XL: |  1  2  3 |
---------------+----------+-----
Long Blades    | 4 |  4.8
Dodging        | 4 |  4.8
Fighting       | |  2.7
Throwing       | |  2.0

Action                   |  1- 3 |  4- 6 || total
-------------------------+-------+-------++-------
Melee: Long sword        |    57 |    32 ||    89
       Kick              |    17 |    10 ||    27
       Peck              |     9 |     9 ||    18
Throw: Dart              |       |     5 ||     5
       Throwing net      |       |     3 ||     3
  Use: Potion            |     2 |     1 ||     3
       Scroll            |       |     2 ||     2
 Stab: Held in net/web   |       |     1 ||     1
  Eat: Chunk             |       |     3 ||     3
Armor: Leather armour    |    13 |     8 ||    21
Dodge: Dodged            |    53 |    23 ||    76
       Rpst.: Long sword |    16 |     6 ||    22

Table legend:
 A = Non-vault XP
 B = Vault XP
 C = Vault XP percentage of total XP
 D = Non-vault monster count
 E = Vault monster count
 F = Vault count percentage of total count
                 A         B        C        D         E       F
            +---------+---------+-------+---------+---------+-------
      Total |     202 |       5 |   2.4 |      38 |       2 |   5.0
            +---------+---------+-------+---------+---------+-------
        D:1 |      28 |       0 |   0.0 |      17 |       0 |   0.0
        D:2 |     116 |       5 |   4.1 |      15 |       2 |  11.8
        D:3 |      58 |       0 |   0.0 |       6 |       0 |   0.0
            +---------+---------+-------+---------+---------+-------
